 Dungeon Crawl Stone Soup version 0.25.0-37-gb73750e0fb (webtiles) character file.

Game seed: 10374238728582910424

103 wojtek the Chopper (level 4, -14/39 HPs)
             Began as a Minotaur Fighter on July 9, 2020.
             Demolished by Sigmund
             ... wielding a +2 scythe of distortion
              (18 damage)
             ... on level 2 of the Dungeon.
             The game lasted 00:01:53 (2055 turns).

wojtek the Chopper (Minotaur Fighter)               Turns: 2055, Time: 00:01:54

Health: -14/39     AC:  9    Str: 22    XL:     4   Next: 51%
Magic:  3/3        EV:  5    Int:  5    God:
Gold:   50         SH:  9    Dex:  9    Spells: 3/3 levels left

rFire    . . .     SeeInvis .   a - +0 war axe
rCold    . . .     Gourm    .   c - +0 kite shield
rNeg     . . .     Faith    .   l - +0 chain mail
rPois    .         Spirit   .   (helmet restricted)
rElec    .         Reflect  .   (no cloak)
rCorr    .         Harm     .   (no gloves)
MR       .....                  (no boots)
Stlth    ..........             (no amulet)
HPRegen  0.13/turn              (no ring)
MPRegen  0.08/turn              (no ring)

@: no status effects
A: retaliatory headbutt, horns 2
a: no special abilities


You were on level 2 of the Dungeon.
You were not hungry.

You visited 1 branch of the dungeon, and saw 2 of its levels.
You visited the Abyss 1 time.

You collected 50 gold pieces.

Inventory:

Hand Weapons
 a - a +0 war axe (weapon)
 h - a +0 vorpal hand axe
Armour
 c - a +0 kite shield (worn)
 l - a +0 chain mail (worn)
Scrolls
 e - a scroll of fog {unknown}
 j - a scroll of magic mapping {unknown}
Potions
 d - a potion of might
 g - a potion of degeneration {unknown}
 i - a potion of stabbing {unknown}
 k - a potion of heal wounds {unknown}
Comestibles
 b - 2 chunks of flesh
 f - 4 rations


   Skills:
 - Level 3.6 Fighting
 + Level 5.8 Axes
 - Level 3.6 Armour
 - Level 3.6 Shields


You had 3 spell levels left.
You didn't know any spells.
Your spell library was empty.

Dungeon Overview and Level Annotations

Branches:
Dungeon (2/15)

Altars:

Annotations:
D:2 Sigmund


Innate Abilities, Weirdness & Mutations

You reflexively headbutt those who attack you in melee.
You have a pair of horns on your head.


Message History

You slash the quasit!
You kill the quasit!
The substance of the Abyss twists violently, and a gateway leading out appears!
There is a gateway leading out of the Abyss here.
You pass through the gate.
Welcome back to the Dungeon!
Level annotation: Sigmund Sigmund hits you from afar with a +2 scythe of distortion!
Space bends around you.
Sigmund hits you with a +2 scythe of distortion.
Space bends around you.
You are too injured to fight recklessly!
You are too injured to fight recklessly!
You closely miss Sigmund. You hit Sigmund. Your headbutt misses Sigmund.
Sigmund is lightly wounded.
Sigmund hits you with a +2 scythe of distortion!
* * * LOW HITPOINT WARNING * * *
Space warps horribly around you!!
You die...

# # #
#############.#
#
......@........
# #.@# #
####..# ####
#...).# ...#
#.##.## .#.#
#.###.##.####
...#
#...........#
#.##
###.#.#####.#
#.# #.#...# #
#.# #.#.#.#


You could see Sigmund.

Vanquished Creatures
  A quasit (Abyss:1)
  Jessica (D:2)
  A worm (D:2)
  A dart slug (D:1)
  A ball python (D:1)
  4 bats
  2 giant cockroaches (D:1)
  7 goblins
  8 hobgoblins
  2 quokkas (D:2)
  6 frilled lizards
  A kobold (D:2)
  2 rats
37 creatures vanquished.

Notes
Turn   | Place    | Note
-------+----------+-------------------------------------------
     0 | D:1      | wojtek the Minotaur Fighter began the quest for the Orb.
     0 | D:1      | Reached XP level 1. HP: 19/19 MP: 0/0
    87 | D:1      | Reached skill level 3 in Axes
   145 | D:1      | Reached XP level 2. HP: 23/26 MP: 1/1
   375 | D:1      | Reached skill level 4 in Axes
   878 | D:2      | Noticed a phantom
  1412 | D:2      | Reached XP level 3. HP: 27/31 MP: 2/2
  1691 | D:2      | Noticed Jessica
  1695 | D:2      | Killed Jessica
  1695 | D:2      | Reached skill level 5 in Axes
  1840 | D:2      | Reached XP level 4. HP: 39/39 MP: 3/3
  1904 | D:2      | Noticed Sigmund
  1914 | D:2      | Cast into level 1 of the Abyss (Sigmund)
  2052 | D:2      | Escaped the Abyss
  2055 | D:2      | Demolished by Sigmund

Illustrated notes

Levels and vault maps discovered:
D:1:      minmay_arrival_checkered_box, layout_loops_ring
D:2:      layout_loops_corners, uniq_sigmund, uniq_jessica

Skill      XL: |  1  2  3 |
---------------+----------+-----
Axes           | 3 4 5 |  5.8
Fighting       | |  3.6
Armour         | |  3.6
Shields        | |  3.6

Action                   |  1- 3 |  4- 6 || total
-------------------------+-------+-------++-------
Melee: War axe           |   116 |    17 ||   133
       Headbutt          |    12 |     2 ||    14
  Eat: Chunk             |     3 |     1 ||     4
Armor: Scale mail        |    17 |       ||    17
       Chain mail        |    43 |    25 ||    68
Dodge: Dodged            |    25 |     7 ||    32
Block: Kite shield       |    59 |    11 ||    70
